 Dungeon Crawl Stone Soup version 0.31-a0-1165-g196b491b36 (webtiles) character file.

Game seed: 5583693360376883597

2424 backslashecho the Magician (level 9, -1/51 HPs)
             Began as an Octopode Summoner on Dec 9, 2023.
             Was a Follower of Vehumet.
             Slain by an unseen horror (11 damage)
             ... on level 8 of the Dungeon.
             The game lasted 00:30:45 (8408 turns).

backslashecho the Magician (Octopode Summoner)      Turns: 8408, Time: 00:30:46

Health: -1/51      AC:  1    Str:  7    XL:     9   Next: 48%
Magic:  37/37      EV: 12    Int: 21    God:    Vehumet [*.....]
Gold:   402        SH:  5    Dex: 13    Spells: 13/21 levels left

rFire   . . .        w - +1 dagger (elec)
rCold   + . .        m - +0 buckler
rNeg    . . .        (helmet restricted)
rPois   .            x - amulet of magic regeneration
rElec   .            l - ring of wizardry
rCorr   .            v - ring of magical power
SInv    .            J - ring of protection from cold
Will    .....        (no ring)
Stlth   +++          y - ring of magical power
HPRegen 0.28/turn    (no ring)
MPRegen 0.65/turn    (no ring)
                     (no ring)

%: wizardry (x1)
@: no status effects
A: almost no armour, amphibious, 8 rings, camouflage 1, gelatinous body 1,
(nimble swimmer 1), tentacles
a: Renounce Religion


You were on level 8 of the Dungeon.
You worshipped Vehumet.
Vehumet was aware of your devotion.
You visited 1 branch of the dungeon, and saw 9 of its levels.

You collected 445 gold pieces.
You spent 43 gold pieces at shops.

Inventory:

Hand Weapons
 w - a +1 dagger of electrocution (weapon)
Missiles
 q - 2 curare-tipped darts
 u - 14 poisoned darts (quivered)
Armour
 m - a +0 buckler (worn)
Jewellery
 c - a ring of ice
 l - a ring of wizardry (left tentacle)
 p - a ring of ice
 v - a ring of magical power (right tentacle)
 x - an amulet of magic regeneration (around mantle)
 y - a ring of magical power (on tentacle)
 J - a ring of protection from cold (on tentacle)
Wands
 G - a wand of digging (3)
 H - a wand of flame (5)
Scrolls
 b - a scroll of teleportation
 k - 2 scrolls of immolation
 n - a scroll of noise {unknown}
 o - a scroll of poison {unknown}
 s - a scroll of silence {unknown}
 z - a scroll of vulnerability
 B - a scroll of brand weapon {unknown}
 C - a scroll of fog {unknown}
 D - a scroll of amnesia {unknown}
 I - a scroll of enchant armour {unknown}
Potions
 a - a potion of magic
 d - a potion of enlightenment {unknown}
 f - a potion of curing
 g - a potion of cancellation
 h - 2 potions of might
 i - a potion of lignification
 j - a potion of resistance
 r - a potion of attraction
 t - a potion of brilliance {unknown}
 A - 4 potions of invisibility
 E - a potion of haste
 F - a potion of ambrosia {unknown}


   Skills:
 - Level 2.0 Short Blades
 - Level 2.0 Dodging
 - Level 2.6 Stealth
 + Level 4.9 Shields
 + Level 6.8 Spellcasting
 + Level 5.0 Conjurations
 - Level 6.0 Summonings
 + Level 4.9 Earth Magic


You had 13 spell levels left.
You knew the following spells:

 Your Spells              Type           Power      Damage    Failure   Level
a - Stone Arrow           Conj/Erth      56%        3d10      2%          3
b - Apportation           Tloc           14%        N/A       6%          1
c - Summon Small Mammal   Summ           100%       N/A       1%          1
d - Call Canine Familiar  Summ           32%        N/A       1%          3

Your spell library contained the following spells:

 Spells                   Type           Power      Damage    Failure   Level
 Kiss of Death            Conj/Necr      68%        2d10      1%          1
 Call Imp                 Summ           64%        N/A       1%          2
 Static Discharge         Conj/Air       34%        3-5/arc   3%          2
 Summon Guardian Golem    Hex/Summ       19%        N/A       4%          3
 Cigotuvi's Dreadful Rot  Necr/Pois/Air  14%        N/A       9%          2
 Jinxbite                 Hex            14%        N/A       9%          2
 Summon Lightning Spire   Summ/Air       19%        N/A       16%         4
 Airstrike                Air            3%         2d(1-17)  45%         4
 Dispel Undead            Necr           7%         3d8       45%         4
 Vhi's Electric Charge    Tloc/Air       14%        N/A       45%         4
 Arcjolt                  Conj/Air       8%         1d18      45%         5
 Alistair's Intoxication  Tmut/Pois      4%         N/A       80%         5
 Yara's Violent Unravell  Hex/Tmut       3%         3d4       80%         5
 Death Channel            Necr           3%         N/A       100%        6
 Lehudib's Crystal Spear  Conj/Erth      14%        10d5      100%        8
 Animate Armour           Summ/Erth      Unusable   N/A       N/A         4

Dungeon Overview and Level Annotations

Branches:
Dungeon (9/15)             Temple (0/1) D:4
   Lair: D:8-11         Orc: D:9-12

Altars:
Ashenzari
Qazlal
Ru
Sif Muna
Vehumet

Shops:
D:2 (

Annotations:
D:4 exclusion: ogre
D:5 3 runed translucent doors, exclusion: 3 doors, lunkers's ghost, amateur MeSh
D:6 exclusion: ogre
D:8 Gastronok
D:9 exclusion: two-headed ogre


Innate Abilities, Weirdness & Mutations

You cannot wear most types of armour.
You are amphibious.
You can wear up to eight rings at the same time.
Your skin changes colour to match your surroundings (Stealth+).
Your rubbery body absorbs attacks. (AC +1, EV +1)
((You are camouflaged when in or above water. (Stealth+)))
You have tentacles for arms and can constrict up to eight enemies at once.


Message History

MP restored: 37 Something hits your hound.
Your hound dies!
Your hound's corpse disappears in a puff of smoke!
You block something's attack.
Deactivating autopickup; reactivate with Ctrl-A.
Casting: Call Canine Familiar (safe; 1% risk of failure)
Confirm with . or Enter, or press ? or * to list all spells.
Something hits you!
You take 11 damage, and have 40/51 hp.
MASSIVE DAMAGE!!
You now have 34/37 mp.
Something hits you! Something hits you.
You take 14 damage, and have 26/51 hp.
MASSIVE DAMAGE!!
Your hound bites something.
Something hits you!
Your hound barely misses something.
You take 8 damage, and have 18/51 hp.
Something hits you but does no damage. Something hits you!
* * * LOW HITPOINT WARNING * * *
Your hound stops to sniff the ground.
Your hound bites something.
You take 11 damage, and have 7/51 hp.
MASSIVE DAMAGE!!
Casting: Call Canine Familiar (safe; 1% risk of failure)
Confirm with . or Enter, or press ? or * to list all spells.
Okay, then.
You feel much better. Something hits you.
Your hound barely misses something.
Something hits you.
Your hound bites something.
You regained 12 hp, and now have 19/51 hp.
MP restored: 37 You miss something.
Your squeeze misses something. Something hits you but does no damage.
Something hits you!
* * * LOW HITPOINT WARNING * * *
Something hits you!
* * * LOW HITPOINT WARNING * * *
Your hound closely misses something.
You take 17 damage, and have 2/51 hp.
MASSIVE DAMAGE!!
You feel much better. Something hits you!
* * * LOW HITPOINT WARNING * * *
Your hound bites something.
Something hits you.
* * * LOW HITPOINT WARNING * * *
Your hound bites something but does no damage.
You regained 6 hp, and now have 8/51 hp.
Okay, then.
Unknown command.
You feel better. Something hits you.
* * * LOW HITPOINT WARNING * * *
Something hits you!
* * * LOW HITPOINT WARNING * * *
Your hound barely misses something.
You take 7 damage, and have 1/51 hp.
You feel better. Something hits you!
You die...

##################
................h#
..........######{#
..........# ####@#
..........###....#
...........##.##.#
.......รท...##..[.#
...........####..#
...........# #..#
##########.# #..#
####### #.####..#
....... #.......#


You could see a friendly hound (summoned).

Vanquished Creatures
  Jeremiah (D:6)
  A wraith (D:9)
  A basilisk (D:8)
  A steam dragon (D:7)
  A water moccasin (D:8)
  2 ice beasts
  An orc warrior (D:7)
  A centaur (D:5)
  A phantom (D:6)
  A bullfrog (D:7)
  2 scorpions
  A wight (D:9)
  5 electric eels (D:8)
  A howler monkey (D:7)
  2 hounds
  2 iguanas
  Terence (D:3)
  2 sleepcaps
  2 orc wizards (D:5)
  2 gnolls (D:3)
  6 adders
  A shadow imp (D:7)
  6 ufetubi
  2 worms
  A dart slug (D:2)
  9 orcs
  A bat (D:3)
  6 endoplasms
  4 giant cockroaches
  6 goblins
  4 hobgoblins
  4 jackals
  3 quokkas
  4 ball pythons
  2 frilled lizards (D:3)
  5 kobolds
  3 rats
98 creatures vanquished.

Vanquished Creatures (collateral kills)
  An ice beast (D:5)
  A scorpion (D:5)
  2 howler monkeys (D:7)
  A jelly (D:6)
  An orc wizard (D:4)
  A gnoll (D:3)
  An adder (D:6)
  2 ufetubi (D:7)
  A worm (D:2)
  5 orcs
  3 endoplasms
  A giant cockroach (D:1)
  4 hobgoblins
  A jackal (D:1)
  4 ball pythons
  A frilled lizard (D:2)
  A goblin (D:4)
  2 kobolds (D:4)
  A rat (D:1)
34 creatures vanquished.

Grand Total: 132 creatures vanquished

Notes
Turn   | Place    | Note
-------+----------+-------------------------------------------
     0 | D:1      | backslashecho the Octopode Summoner began the quest for the
                  | Orb.
     0 | D:1      | Reached XP level 1. HP: 11/11 MP: 3/3
    49 | D:1      | Found a faded altar of an unknown god.
   145 | D:1      | Reached XP level 2. HP: 13/17 MP: 3/5
   381 | D:1      | Reached XP level 3. HP: 19/21 MP: 7/7
   853 | D:2      | Found Mimeijiy's Weapon Shop.
   864 | D:2      | Bought 3 curare-tipped darts for 43 gold pieces
   960 | D:3      | Noticed Terence
  1013 | D:3      | Found a sacrificial altar of Ru.
  1254 | D:3      | Found a stormy altar of Qazlal.
  1400 | D:3      | Reached skill level 1 in Short Blades
  1400 | D:3      | Reached XP level 4. HP: 8/27 MP: 8/8
  1554 | D:3      | Found a broken altar of Ashenzari.
  1987 | D:3      | Killed Terence
  2212 | D:3      | Reached XP level 5. HP: 30/31 MP: 8/10
  2430 | D:3      | Learned a level 3 spell: Call Canine Familiar
  2541 | D:4      | Noticed an ogre
  2970 | D:4      | Found a radiant altar of Vehumet.
  2994 | D:4      | Became a worshipper of Vehumet
  3081 | D:4      | Learned a level 3 spell: Stone Arrow
  3195 | D:4      | Reached skill level 5 in Summonings
  3195 | D:4      | Reached XP level 6. HP: 34/36 MP: 12/12
  3467 | D:4      | Found a staircase to the Ecumenical Temple.
  3667 | D:4      | Learned a level 1 spell: Apportation
  3687 | D:5      | Entered Level 5 of the Dungeon
  3837 | D:5      | Found a runed translucent gate.
  3837 | D:5      | Found a runed translucent gate.
  3837 | D:5      | Found a runed translucent gate.
  3839 | D:5      | Noticed lunkers's ghost (amateur MeSh)
  4051 | D:5      | Reached skill level 5 in Spellcasting
  4064 | D:5      | Reached skill level 1 in Shields
  4064 | D:5      | Reached skill level 1 in Conjurations
  4064 | D:5      | Reached skill level 1 in Earth Magic
  4064 | D:5      | Reached XP level 7. HP: 41/41 MP: 14/14
  5530 | D:6      | Noticed Jeremiah
  5543 | D:6      | Killed Jeremiah
  5544 | D:6      | Reached XP level 8. HP: 39/46 MP: 16/16
  6101 | D:6      | Reached * piety under Vehumet
  6101 | D:6      | Offered knowledge of Kiss of Death by Vehumet.
  6821 | D:7      | Reached XP level 9. HP: 51/51 MP: 18/18
  6873 | D:7      | Got the Catalogue of Ill Luck and Air
  6942 | D:7      | Found a shimmering blue altar of Sif Muna.
  7473 | D:8      | Found a transporter.
  7489 | D:8      | Found a transporter.
  7951 | D:8      | Noticed Gastronok
  8159 | D:9      | Noticed a two-headed ogre
  8245 | D:9      | Reached skill level 5 in Conjurations
  8405 | D:8      | HP: 2/51 [something (11)]
  8408 | D:8      | Slain by an unseen horror

Illustrated notes

Levels and vault maps discovered:
D:1:      minmay_arrival_plants_in_alcoves, layout_rooms, serial_glass,
          glass_columns_a, glass_columns_b, glass_columns_c, glass_columns_a,
          glass_columns_c, glass_columns_a, minmay_strange_pillars,
          feat_on_display, ebering_ecumenical_altar_webs,
          amcnicky_mini_pool_small
D:2:      layout_rooms, serial_shops, nicolae_shop_waterfront
D:3:      layout_loops_ring, nicolae_qazlal_scattered_showers,
          nicolae_ashenzari_panopticon, nicolae_ru_awakened_eye,
          minmay_close_crescents, uniq_terence
D:4:      layout_basic, nicolae_vehumet_radiance, minmay_temple_entry_junction,
          serial_bayou_pond_d
D:5:      layout_basic, ebering_ghost_rock_garden
D:6:      layout_loops_corners, uniq_jeremiah
D:7:      layout_cave_pools, nicolae_sif_muna_condensation
D:8:      gammafunk_steamed_eel, layout_basic,
          mainiacjoe_overflow_surrounded_room, disabler_island, uniq_gastronok
D:9:      layout_roguey, mainiacjoe_overflow_small_starburst,
          minmay_joined_circles

Skill      XL: |  1  2  3  4  5  6  7  8  9 |
---------------+----------------------------+-----
Spellcasting   | 3 4 5 6 |  6.8
Short Blades   | 1 2 |  2.0
Summonings     | 5 6 |  6.0
Shields        | 1 2 4 |  4.9
Conjurations   | 1 2 4 5 |  5.0
Earth Magic    | 1 2 4 |  4.9
Dodging        | |  2.0
Stealth        | |  2.6

Action                     |  1- 3 |  4- 6 |  7- 9 || total
---------------------------+-------+-------+-------++-------
  Melee: Unarmed           |    17 |       |       ||    17
         Tentacles         |    20 |    21 |    14 ||    55
         Constrict         |    19 |    25 |    12 ||    56
         Dagger            |    51 |   114 |    58 ||   223
         Punch             |     1 |     2 |     1 ||     4
  Throw: Dart              |       |     4 |     9 ||    13
   Cast: Summon Small Mamm |    15 |    31 |    25 ||    71
         Call Canine Famil |       |    11 |    30 ||    41
         Apportation       |       |     4 |       ||     4
         Stone Arrow       |       |       |    40 ||    40
  Evoke: Wand              |       |       |     5 ||     5
    Use: Scroll            |       |       |    13 ||    13
         Potion            |       |       |     7 ||     7
   Stab: Sleeping          |     5 |     5 |     2 ||    12
         Distracted        |     1 |     5 |     1 ||     7
 Armour: Skin              |    31 |    50 |    65 ||   146
  Dodge: Dodged            |    31 |    71 |    59 ||   161
  Block: Buckler           |       |    18 |    23 ||    41

Table legend: (Time is in decaauts)
 A = Elapsed time spent in this place.
 B = Non-inter-level travel time spent in this place.
 C = Inter-level travel time spent in this place.
 D = Time resting spent in this place.
 E = Time spent auto-exploring this place.
 F = Levels seen in this place.
 G = Mean time per level.
                   A        B        C        D        E       F      G
               +--------+--------+--------+--------+--------+-----+--------+
         Total |   8398 |   7644 |    754 |    797 |   4852 |   9 |  933.1 |
       Dungeon |   8398 |   7644 |    754 |    797 |   4852 |   9 |  933.1 |
               +--------+--------+--------+--------+--------+-----+--------+

Top non-repeatable levels by time:
     D:4: 1577 daAuts
     D:3: 1377 daAuts
     D:6: 1344 daAuts
     D:5: 1252 daAuts
     D:7: 757 daAuts
     D:8: 738 daAuts
     D:2: 567 daAuts
     D:1: 550 daAuts
     D:9: 232 daAuts
